 Dungeon Crawl Stone Soup version 0.16-a0-1212-geefc3ab (webtiles) character file.

5358 Kashira the Cleaver (level 10, 0/51 HPs)
             Began as a Vine Stalker Berserker on Oct 12, 2014.
             Was a High Priest of Trog.
             Slain by a komodo dragon (8 damage)
             ... on level 1 of the Lair of Beasts.
             The game lasted 00:19:08 (5733 turns).

Kashira the Cleaver (Vine Stalker Berserker)        Turns: 5733, Time: 00:19:08

Health: 0/51       AC: 10    Str: 22    XL:     10   Next: 65%
Magic:  0/18       EV: 11    Int:  9    God:    Trog [*****.]
Gold:   161        SH:  0    Dex: 14    Spells: 0 memorised, 9 levels left

rFire  . . .     SeeInvis .     O - +11 war axe "Vine's Curse" {speed, +Inv rC- Int+1}
rCold  x . .     Clarity  .     k - +0 ring mail
rNeg   . . .     SustAb   .     (no shield)
rPois  .         Gourm    .     w - +2 hat
rElec  .         Spirit   +     I - +0 cloak
rCorr  .         Warding  .     L - +0 pair of gloves
rMut   .         Stasis   .     (no boots)
MR     +....                    C - amulet of rage
Stlth  +.........               (no ring)
                                (no ring)

@: somewhat resistant to hostile enchantments, very unstealthy
A: fangs 3, regeneration 2, magic shield, antimagic bite, no device heal 3, rot
immunity
a: Burn Spellbooks, Berserk, Trog's Hand, Brothers in Arms, Renounce Religion,
Evoke Berserk Rage, Evoke Invisibility


You were on level 1 of the Lair of Beasts.
You worshipped Trog.
Trog was extremely pleased with you.
You were not hungry.

You visited 2 branches of the dungeon, and saw 10 of its levels.

You collected 514 gold pieces.
You spent 353 gold pieces at shops.

Inventory:

Hand weapons
 a - a +0 hand axe
 O - the +11 war axe "Vine's Curse" (weapon) {speed, +Inv rC- Int+1}
   (You found it on level 7 of the Dungeon)

   Attacks with this weapon are significantly faster.
   It affects your intelligence (+1).
   It makes you vulnerable to cold.
   It lets you turn invisible.
Missiles
 l - 6 tomahawks (quivered)
 q - a throwing net
 z - 7 silver javelins
 B - 6 javelins
 U - 3 tomahawks of dispersal
Armour
 k - a +0 ring mail (worn)
 w - a +2 hat (worn)
 I - a +0 cloak (worn)
 L - a +0 pair of gloves (worn)
Magical devices
 n - a wand of cold (11)
 r - a wand of digging (20)
 E - a wand of draining (6)
 J - a wand of random effects (7)
 K - a wand of frost (21)
 P - a wand of confusion (19)
 V - a wand of draining (5)
Comestibles
 c - 15 bread rations
 h - 9 meat rations
 i - 11 fruits
 M - 2 beef jerkies
Scrolls
 d - 5 scrolls of remove curse
 e - a scroll of random uselessness
 f - 3 scrolls of fog
 g - 4 scrolls of teleportation
 m - 2 scrolls of magic mapping
 o - 5 scrolls of enchant weapon {unknown}
 D - 3 scrolls of recharging
 F - a scroll of immolation {unknown}
 G - a scroll of enchant armour {unknown}
 H - 3 scrolls of amnesia {unknown}
 Q - a scroll of noise
 R - a scroll of identify
Jewellery
 y - an uncursed amulet of stasis
 C - an amulet of rage (around neck)
Potions
 b - a potion of invisibility {unknown}
 j - 3 potions of agility
 p - 2 potions of brilliance
 s - a potion of haste {unknown}
 t - 2 potions of restore abilities {unknown}
 u - a potion of poison {unknown}
 v - 4 potions of curing
 x - a potion of magic
 A - 2 potions of heal wounds
 N - 2 potions of berserk rage
 T - a potion of cancellation {unknown}
Books
 S - a book of Minor Magic

   Spells                             Type                      Level
   Magic Dart                         Conjuration                  1
   Blink                              Translocation                2
   Call Imp                           Summoning                    2
   Repel Missiles                     Charms/Air                   2
   Slow                               Hexes                        2
   Conjure Flame                      Conjuration/Fire             3
   Mephitic Cloud                     Conjuration/Poison/Air       3
   Trog disapproves of the use of such an item.


   Skills:
 + Level 4.5 Fighting
 + Level 11.9 Axes
   Level 1.3 Staves
 + Level 3.9 Armour
 + Level 3.7 Dodging
 * Level 3.8 Evocations


You had 9 spell levels left.
You didn't know any spells.

Dungeon Overview and Level Annotations

Branches:
Dungeon (8/15)             Temple (0/1) D:7            Lair (2/8) D:8

Altars:
Ashenzari
Makhleb
Okawaru
Trog
Vehumet

Shops:
D:5 *   D:7 *

Annotations:
Lair:2 Fannar


Innate Abilities, Weirdness & Mutations

You have razor-sharp teeth.
You heal very quickly.
When hurt, damage is shared between your health and your magic reserves.
Your bite disrupts and absorbs the magic of your enemies.
Potions and wands cannot restore your health.
You are immune to rotting.


Message History

The komodo dragon hisses menacingly.
The komodo dragon bites you!!
You slice the komodo dragon!! Your bite misses the komodo dragon.
The komodo dragon is heavily wounded.
You hit the plant but do no damage.
The plant is lightly damaged.
The komodo dragon bites you!
* * * LOW HITPOINT WARNING * * *
You are too injured to fight recklessly!
You are too injured to fight recklessly!
Read which item? (? for menu, Esc to quit)
Okay, then.
Evoke which item? (* to show all) (? for menu, Esc to quit)
Okay, then.
Drink which item? (? for menu, Esc to quit)
Okay, then.
Use which ability? (? or * to list)
Your iron troll goes berserk!
You feel somewhat more hungry. The komodo dragon bites you!
You die...

#.♣♣.♣♣♣...##..####
#.......♣♣........
##.P♣♣♣♣..P#####..
#.♣........# #.. ♣
♣..♣♣.♣♣♣## ##.. ♣♣P
#♣.♣♣§♣§P§.# #..>
.♣.P.#♣.♣♣§§§§♣§♣# #...
...P.♣PTP.§§§♣P§P# ##..
.......l@.#...P.#.# ##..
...♣♣...♣.###..♣### #...
.........# #.P# ##..
.......... .............
..............######.###
#######P##.... ## ###
#..P# .


You could see a komodo dragon and a friendly iron troll (berserk).

Vanquished Creatures
  Pikel (D:4)
  Grinder (D:5)
  A basilisk (Lair:1)
  A spriggan (D:7)
  A wyvern (D:8)
  A hill giant skeleton (D:6)
  2 yaks (D:8)
  A wolf (Lair:1)
  A deep elf fighter (D:8)
  A hippogriff (D:7)
  2 orc warriors (D:7)
  A sky beast (D:7)
  3 black bears
  A necrophage (D:7)
  3 crocodiles
  An ogre (D:7)
  5 centaurs
  2 big kobolds
  2 giant frogs
  Blork the orc (D:6)
  2 gnoll sergeants
  2 scorpions
  4 killer bees (D:7)
  3 wights (D:6)
  3 crimson imps
  11 orc priests
  Crazy Yiuf (D:5)
  A quasit (D:8)
  7 hounds
  2 orc wizards
  6 worker ants
  An iguana (Lair:1)
  A big kobold zombie (D:7)
  Ijyb (D:7)
  Terence (D:2)
  A mummy (D:5)
  7 adders
  9 gnolls
  4 green rats (D:8)
  2 shadow imps
  2 worms
  A giant gecko (D:6)
  An ooze (D:1)
  26 orcs
  A ball python (D:2)
  4 giant cockroaches
  11 goblins
  12 hobgoblins
  4 jackals (D:7)
  5 quokkas
  20 bats
  A giant newt (D:1)
  A hobgoblin zombie (D:5)
  17 kobolds
  19 rats
  A rat skeleton (D:4)
  A fungus (D:8)
  2 plants (D:8)
230 creatures vanquished.

Vanquished Creatures (others)
  An orc wizard (D:4)
  2 orcs (D:4)
  A fungus (D:8)
4 creatures vanquished.

Grand Total: 234 creatures vanquished

Notes
Turn   | Place    | Note
--------------------------------------------------------------
     0 | D:1      | Kashira, the Vine Stalker Berserker, began the quest for the Orb.
     0 | D:1      | Reached XP level 1. HP: 11/11 MP: 1/1
   103 | D:1      | Reached XP level 2. HP: 16/16 MP: 3/3
   113 | D:1      | Reached skill level 3 in Axes
   233 | D:1      | Acquired Trog's second power
   424 | D:1      | Reached XP level 3. HP: 19/19 MP: 4/4
   607 | D:2      | Noticed Terence
   613 | D:2      | Killed Terence
   671 | D:2      | Reached skill level 4 in Axes
   861 | D:2      | Reached XP level 4. HP: 23/23 MP: 5/5
  1736 | D:4      | Reached XP level 5. HP: 24/28 MP: 7/7
  1737 | D:4      | Received a gift from Trog
  1737 | D:4      | Reached skill level 5 in Axes
  1907 | D:4      | Noticed a slave
  1908 | D:4      | Noticed Pikel
  1910 | D:4      | Noticed a slave
  1913 | D:4      | Noticed a slave
  1923 | D:4      | Killed Pikel
  1923 | D:4      | Reached skill level 7 in Axes
  1923 | D:4      | Gained mutation: You heal very quickly. [vine stalker growth]
  1923 | D:4      | Reached XP level 6. HP: 32/32 MP: 8/8
  1923 | D:4      | Reached XP level 7. HP: 34/35 MP: 9/9
  1924 | D:4      | Noticed a freed slave
  2360 | D:5      | Entered Level 5 of the Dungeon
  2416 | D:5      | Reached skill level 8 in Axes
  2488 | D:5      | Acquired Trog's third power
  2570 | D:5      | Gained mutation: You have razor-sharp teeth. [vine stalker growth]
  2570 | D:5      | Reached XP level 8. HP: 23/39 MP: 9/11
  2627 | D:5      | Noticed Grinder
  2638 | D:5      | Killed Grinder
  2638 | D:5      | Reached skill level 9 in Axes
  2836 | D:5      | Found a burning altar of Makhleb.
  3021 | D:5      | Found Seur's Assorted Antiques.
  3027 | D:5      | Bought a scroll of identify for 56 gold pieces
  3027 | D:5      | Bought a scroll of teleportation for 84 gold pieces
  3137 | D:5      | Noticed Crazy Yiuf
  3143 | D:5      | Killed Crazy Yiuf
  3341 | D:6      | Reached skill level 10 in Axes
  3449 | D:6      | Reached skill level 1 in Staves
  3449 | D:6      | Reached XP level 9. HP: 6/43 MP: 8/12
  3578 | D:6      | Found a radiant altar of Vehumet.
  3580 | D:6      | Found a shattered altar of Ashenzari.
  3583 | D:6      | Found an iron altar of Okawaru.
  3585 | D:6      | Found a bloodstained altar of Trog.
  3784 | D:6      | Noticed Blork the orc
  3790 | D:6      | Killed Blork the orc
  3994 | D:6      | Reached skill level 11 in Axes
  4070 | D:6      | Reached skill level 1 in Evocations
  4189 | D:7      | Got an encrusted war axe
  4190 | D:7      | Identified the +11 war axe "Vine's Curse" {speed, +Inv rC- Int+1} (You found it on level 7 of the Dungeon)
  4578 | D:7      | Found Taivar's General Store.
  4587 | D:7      | Bought a scroll of recharging for 123 gold pieces
  4587 | D:7      | Bought a scroll of magic mapping for 45 gold pieces
  4587 | D:7      | Bought a scroll of noise for 13 gold pieces
  4587 | D:7      | Bought a potion of agility for 32 gold pieces
  4616 | D:7      | Noticed Ijyb
  4620 | D:7      | Reached XP level 10. HP: 40/49 MP: 13/16
  4632 | D:7      | Killed Ijyb
  4739 | D:7      | Found a staircase to the Ecumenical Temple.
  5105 | D:7      | Received a gift from Trog
  5280 | D:8      | Received a gift from Trog
  5551 | D:8      | Found a staircase to the Lair.
  5582 | Lair:1   | Entered Level 1 of the Lair of Beasts
  5592 | Lair:2   | Noticed Fannar
  5733 | Lair:1   | Slain by a komodo dragon

Action                   |  1- 3 |  4- 6 |  7- 9 | 10-12 || total
-------------------------+-------+-------+-------+-------++-------
Melee: Hand axe          |    82 |    92 |       |       ||   174
       Whip              |       |       |   217 |       ||   217
       Quarterstaff      |       |       |    64 |       ||    64
       War axe           |       |       |    34 |   142 ||   176
Invok: Berserk           |     1 |     2 |     5 |       ||     8
       Trog's Hand       |       |     1 |       |       ||     1
       Brothers in Arms  |       |       |       |     1 ||     1
  Use: Scroll            |     2 |       |     6 |     1 ||     9
  Eat: Chunk             |     1 |     3 |    11 |     4 ||    19
       Pizza             |       |     1 |       |       ||     1
       Beef jerky        |       |       |     1 |       ||     1
       Royal jelly       |       |       |     1 |       ||     1
